 Dungeon Crawl Stone Soup version 0.25-a0-934-g041635d5d1 (webtiles) character file.

Game seed: 13833110274652448681, levelgen mode: deterministic

1607 Azyl the Arsonist (level 8, -3/51 HPs)
             Began as a Red Draconian Fire Elementalist on May 4, 2020.
             Was an Initiate of Hepliaklqana.
             Slain by a wight
             ... wielding a cursed +5 scimitar of freezing
              (15 damage)
             ... on level 7 of the Dungeon.
             The game lasted 00:33:01 (7150 turns).

Azyl the Arsonist (Red Draconian Fire Elementalist) Turns: 7150, Time: 00:33:03

Health: -3/51      AC:  6    Str: 11    XL:     8   Next: 63%
Magic:  0/15       EV: 12    Int: 18    God:    Hepliaklqana [......]
Gold:   391        SH:  0    Dex: 15    Spells: 8/16 levels left

rFire    + . .     SeeInvis .   r - +1 whip (elec)
rCold    . . .     Gourm    .   (no shield)
rNeg     . . .     Faith    .   (armour unavailable)
rPois    .         Spirit   .   (helmet restricted)
rElec    .         Reflect  .   (no cloak)
rCorr    .         Harm     .   (no gloves)
MR       +....                  (no boots)
Stlth    ++........             (no amulet)
HPRegen  0.17/turn              g - ring of protection from magic
MPRegen  0.14/turn              w - +4 ring of dexterity

@: no status effects
A: breathe fire, unfitting armour, reduced essence, fire resistance 1,
cold-blooded, AC +6
a: Breathe Fire, Recall Ancestor, Ancestor Identity, Renounce Religion


You were on level 7 of the Dungeon.
You worshipped Hepliaklqana.
Hepliaklqana was noncommittal.
You were very hungry.

You visited 2 branches of the dungeon, and saw 8 of its levels.

You collected 391 gold pieces.

Inventory:

Hand Weapons
 j - a +4 war axe of venom
 r - a +1 whip of electrocution (weapon)
Missiles
 e - 38 sling bullets
Jewellery
 g - a ring of protection from magic (left hand)
 n - an uncursed ring of poison resistance
 q - an uncursed ring of protection from magic
 w - a +4 ring of dexterity (right hand)
Wands
 l - a wand of enslavement (8)
 s - a wand of iceblast (5)
Scrolls
 o - 3 scrolls of teleportation
 t - a scroll of identify
 v - 4 scrolls of remove curse
 x - a scroll of fear
Potions
 a - 4 potions of curing
 c - a potion of heal wounds
 d - a potion of lignification
 f - 2 potions of haste {unknown}
 h - a potion of flight
 i - 3 potions of stabbing
 k - 3 potions of cancellation
 m - a potion of berserk rage {unknown}
 p - a potion of mutation {unknown}
 u - a potion of brilliance {unknown}
Comestibles
 b - 5 rations
 z - 7 chunks of flesh


   Skills:
 - Level 0.1 Fighting
 - Level 1.0 Maces & Flails
 - Level 1.7 Dodging
 - Level 1.7 Stealth
 + Level 4.9 Spellcasting
 * Level 7.7 Conjurations
 - Level 8.0 Fire Magic


You had 8 spell levels left.
You knew the following spells:

 Your Spells              Type           Power        Failure   Level  Hunger
a - Foxfire               Conj/Fire      ####         1%          1    None
b - Conjure Flame         Conj/Fire      ####....     1%          3    ###....
c - Sticky Flame          Conj/Fire      ####....     5%          4    ####...

Your spell library contained the following spells:

 Spells                   Type           Power        Failure   Level  Hunger
 Shock                    Conj/Air       ###.         2%          1    None
 Inner Flame              Hex/Fire       ###.....     8%          3    ###....
 Static Discharge         Conj/Air       ###.....     9%          3    ###....
 Fireball                 Conj/Fire      ####......   16%         5    ######.
 Swiftness                Chrm/Air       #.......     21%         2    #......
 Lightning Bolt           Conj/Air       ###.......   61%         5    ######.
 Airstrike                Air            #.........   80%         4    ####...


Dungeon Overview and Level Annotations

Branches:
Dungeon (7/15)             Temple (1/1) D:6

Altars:
Ashenzari
Cheibriados
Dithmenos
Elyvilon
Fedhas
Gozag
Hepliaklqana
Kikubaaqudgha
Nemelex Xobeh
Okawaru
Qazlal
Ru
Sif Muna
Uskayaw
Xom
Yredelemnul
Zin
The Shining One
Lugonu

Shops:
D:5 %


Innate Abilities, Weirdness & Mutations

You can breathe blasts of fire.
Your fiery red scales are hard. (AC +6)
You cannot fit into any form of body armour.
Your flesh is heat resistant. (rF+)
You are cold-blooded and may be slowed by cold attacks.
Your life essence is reduced to manifest your ancestor. (-10% HP)


Message History

The bullfrog skeleton barely misses you.
You hit the bullfrog skeleton.
The bullfrog skeleton is heavily damaged.
The bullfrog skeleton closely misses you.
The bullfrog skeleton completely misses you.
You hit the bullfrog skeleton.
Lightning courses through the bullfrog skeleton!
You destroy the bullfrog skeleton!
Casting: Sticky Flame (dangerous; 5% risk of failure)
Confirm with . or Enter, or press ? or * to list all spells.
Aiming: Sticky Flame (dangerous; 5% risk of failure)
Press: ? - help, Shift-Dir - straight line, f - wight
Aim: a wight, wielding a +5 scimitar of freezing and wearing a +0 robe The sticky flame hits the wight.
The wight is lightly damaged.
The wight is covered in liquid flames!
You are feeling very hungry.
The wight burns!
The wight hits you with a cursed +5 scimitar of freezing!
You die...

#.##.##### # #.# #..##
#.##.....# #.##.#####..).
#.##..^#.# #...........##
#.####.#.# ####.####.###
#.# #.#.# #.z...##.# #.#
#.#.####.....##.# #.#
#.#.##..........# #.#
##)#)##.#.....####
##.###.#)@z..#.[...#
########.#.###.#.######.###
........###.####.# #.#
########R#R## #.# .. ##.##
#.# .## ### #.# #.# #.#


You could see a wight (burning).

Vanquished Creatures
  A hungry ghost (D:7)
  A sky beast (D:7)
  An ogre (D:4)
  A centaur (D:6)
  4 wights (D:7)
  2 howler monkeys
  A crimson imp (D:5)
  2 bullfrog skeletons
  A centaur skeleton (D:4)
  3 orc priests
  3 hounds
  A gnoll shaman (D:7)
  3 worker ants
  2 iguanas
  3 orc wizards
  3 hound skeletons
  A worker ant zombie (D:5)
  6 gnolls
  11 adders
  A shadow imp (D:5)
  2 oozes
  An adder skeleton (D:4)
  2 worms
  2 dart slugs
  5 leopard geckos
  17 orcs
  6 giant cockroaches
  11 goblins
  7 hobgoblins
  10 jackals
  6 kobolds
  2 quokkas
  A ball python (D:4)
  A ball python skeleton (D:4)
  6 bats
  5 frilled lizards
  2 rats
137 creatures vanquished.

Vanquished Creatures (collateral kills)
  A howler monkey (D:7)
  A centaur zombie (D:6)
  A centaur skeleton (D:7)
  A gnoll (D:7)
4 creatures vanquished.

Vanquished Creatures (others)
  An ancestor (D:7)
  231 foxfires
232 creatures vanquished.

Grand Total: 373 creatures vanquished

Notes
Turn   | Place    | Note
-------+----------+-------------------------------------------
     0 | D:1      | Azyl the Draconian Fire Elementalist began the quest for
                  | the Orb.
     0 | D:1      | Reached XP level 1. HP: 14/14 MP: 3/3
   117 | D:1      | Reached XP level 2. HP: 4/20 MP: 0/5
   592 | D:1      | Reached skill level 1 in Maces & Flails
   592 | D:1      | Reached XP level 3. HP: 26/26 MP: 2/6
   632 | D:1      | Learned a level 3 spell: Conjure Flame
  1062 | D:2      | Found a sacrificial altar of Ru.
  1408 | D:2      | Reached skill level 4 in Fire Magic
  1555 | D:2      | Reached XP level 4. HP: 27/33 MP: 6/8
  1639 | D:2      | Learned a level 4 spell: Sticky Flame
  1770 | D:2      | Noticed a +0 hand axe
  1771 | D:2      | Noticed a +0 dagger
  1774 | D:2      | Found a hide-covered altar of Uskayaw.
  2530 | D:3      | Reached XP level 5. HP: 4/38 MP: 3/9
  2832 | D:3      | Found a blossoming altar of Fedhas.
  2833 | D:3      | Found a stormy altar of Qazlal.
  2969 | D:3      | Found an opulent altar of Gozag.
  3405 | D:4      | Reached XP level 6. HP: 42/45 MP: 11/11
  3437 | D:4      | Reached skill level 5 in Fire Magic
  3848 | D:4      | Found a glowing silver altar of Zin.
  3849 | D:4      | Found a shadowy altar of Dithmenos.
  3852 | D:4      | Found a shattered altar of Ashenzari.
  3998 | D:4      | Reached skill level 6 in Fire Magic
  4017 | D:4      | Found an iron altar of Okawaru.
  4026 | D:4      | Your scales start taking on a fiery red colour.
  4026 | D:4      | Reached skill level 7 in Fire Magic
  4026 | D:4      | Reached XP level 7. HP: 32/50 MP: 8/12
  4026 | D:4      | Gained mutation: Your flesh is heat resistant. (rF+) [Red
                  | Draconian growth]
  4182 | D:4      | Found a shimmering altar of Xom.
  4292 | D:4      | Reached skill level 8 in Fire Magic
  4610 | D:5      | Entered Level 5 of the Dungeon
  4908 | D:5      | Found Kaat's Food Shoppe.
  5174 | D:5      | Reached skill level 5 in Conjurations
  5788 | D:6      | Found a sacrificial altar of Ru.
  6070 | D:6      | Found a staircase to the Ecumenical Temple.
  6109 | Temple   | Entered the Ecumenical Temple
  6139 | Temple   | Became a worshipper of Hepliaklqana the Forgotten
  6547 | D:6      | Reached XP level 8. HP: 51/51 MP: 10/14
  7055 | D:7      | Found a sparkling altar of Nemelex Xobeh.
  7150 | D:7      | Slain by a wight

Levels and vault maps discovered:
D:1:      evilmike_arrival_plus, layout_basic
D:2:      layout_loops_ring, lemuel_crystal_altar, dancing_weapons_uskayaw,
          first_ration, roderic_serpentine_path
D:3:      layout_loops_ring, grunt_temple_overflow_forces_of_nature,
          old_standard_altar, cheibrodos_gnoll_hut
D:4:      layout_loops_ring, okawaru_gym_becter, xom_teletrap_fun,
          grunt_temple_overflow_open, grunt_decor_mini_mirrors
D:5:      layout_loops_ring, serial_shops, shop
D:6:      layout_basic, minmay_temple_entry_trees,
          nicolae_ru_sacrificial_ziggurat
D:7:      layout_loops_ring, grunt_temple_overflow_lords_of_destruction,
          nemelex_xobeh_ov_fountains_minmay
Temple:   corrupted_temple

Skill      XL: |  1  2  3  4  5  6  7  8 |
---------------+-------------------------+-----
Maces & Flails | 1 |  1.0
Fire Magic     | 4 7 8 |  8.0
Spellcasting   | 3 4 |  4.9
Conjurations   | 2 5 7 |  7.7
Fighting       | |  0.1
Dodging        | |  1.7
Stealth        | |  1.7

Action                   |  1- 3 |  4- 6 |  7- 9 || total
-------------------------+-------+-------+-------++-------
Melee: Club              |    29 |       |       ||    29
       Tailslap          |     4 |     8 |     9 ||    21
       War axe           |    14 |    68 |    41 ||   123
       Whip              |       |       |    69 ||    69
 Cast: Foxfire           |    40 |    53 |    42 ||   135
       Conjure Flame     |       |       |     3 ||     3
       Sticky Flame      |       |       |     8 ||     8
Invok: Ancestor Identity |       |       |     1 ||     1
  Use: Scroll            |       |    11 |     3 ||    14
 Stab: Sleeping          |       |     3 |     1 ||     4
  Eat: Chunk             |     2 |     2 |     5 ||     9
       Ration            |       |     2 |     2 ||     4
Armor: Skin              |    28 |    23 |    24 ||    75
Dodge: Dodged            |    50 |    63 |    61 ||   174

Table legend:
 A = Non-vault XP
 B = Vault XP
 C = Vault XP percentage of total XP
 D = Non-vault monster count
 E = Vault monster count
 F = Vault count percentage of total count
                 A         B        C        D         E       F
            +---------+---------+-------+---------+---------+-------
      Total |    2199 |      97 |   4.2 |     138 |       3 |   2.1
            +---------+---------+-------+---------+---------+-------
        D:1 |      55 |       0 |   0.0 |      22 |       0 |   0.0
        D:2 |      56 |       0 |   0.0 |      16 |       0 |   0.0
        D:3 |     164 |      97 |  37.2 |      24 |       3 |  11.1
        D:4 |     448 |       0 |   0.0 |      25 |       0 |   0.0
        D:5 |     428 |       0 |   0.0 |      27 |       0 |   0.0
        D:6 |     201 |       0 |   0.0 |       7 |       0 |   0.0
        D:7 |     847 |       0 |   0.0 |      17 |       0 |   0.0
            +---------+---------+-------+---------+---------+-------
